 Dungeon Crawl Stone Soup version 0.26.1-11-gd32895ea62 (webtiles) character file.

Game seed: 16471825025473616362

413 raph the Digger (level 6, -1/32 HPs)
             Began as a Gargoyle Earth Elementalist on Apr 24, 2021.
             Was an Initiate of Vehumet.
             Slain by an orc wizard
             ... wielding a +0 dagger
              (2 damage)
             ... on level 4 of the Dungeon.
             The game lasted 00:07:53 (5198 turns).

raph the Digger (Gargoyle Earth Elementalist)       Turns: 5198, Time: 00:07:54

Health: -1/32      AC:  9    Str: 10 (11) XL:     6   Next: 91%
Magic:  5/10       EV: 12    Int: 15 (18) God:    Vehumet [......]
Gold:   248        SH:  6    Dex: 15 (16) Spells: 5/11 levels left

rFire    . . .     SeeInvis .   r - +0 mace (protect)
rCold    . . .     Faith    .   l - +1 buckler
rNeg     + . .     Spirit   .   c - +0 robe
rPois    ∞         Reflect  .   i - +2 helmet
rElec    +         Harm     .   (no cloak)
rCorr    .         Rampage  .   (no gloves)
Will     .....                  (no boots)
Stlth    ++........             (no amulet)
HPRegen  0.10/turn              j - +6 ring of dexterity
MPRegen  0.12/turn              (no ring)

@: slowed, very slow
A: negative energy resistance 1, electricity resistance, unbreathing,
petrification resistance, miasma immunity, AC +4
a: Renounce Religion


You were on level 4 of the Dungeon.
You worshipped Vehumet.
Vehumet was noncommittal.
You visited 2 branches of the dungeon, and saw 5 of its levels.

You collected 248 gold pieces.

Inventory:

Hand Weapons
 a - a +1 whip
 e - a +0 dagger
 r - a +0 mace of protection (weapon)
Missiles
 b - 38 stones
Armour
 c - a +0 robe (worn)
 i - a +2 helmet (worn)
 l - a +1 buckler (worn)
Jewellery
 j - a +6 ring of dexterity (left hand)
 p - an uncursed ring of fire
Scrolls
 d - a scroll of blinking
 g - a scroll of remove curse
 k - a scroll of amnesia
 n - a scroll of teleportation
Potions
 f - 2 potions of attraction
 h - a potion of degeneration
 m - a potion of lignification {unknown}
 o - a potion of mutation {unknown}
 q - a potion of curing {unknown}


   Skills:
 - Level 1.9 Dodging
 - Level 2.7 Stealth
 - Level 4.0 Shields
 + Level 3.1 Spellcasting
 - Level 0.7 Transmutations
 * Level 6.6 Earth Magic


You had 5 spell levels left.
You knew the following spells:

 Your Spells              Type           Power        Failure   Level
a - Sandblast             Erth           44%          1%          1
b - Passwall              Tmut/Erth      10%          7%          2
c - Stone Arrow           Conj/Erth      24%          16%         3

Your spell library contained the following spells:

 Spells                   Type           Power        Failure   Level
 Lee's Rapid Deconstruct  Erth           11%          36%         5
 Petrify                  Tmut/Erth      13%          41%         4


Dungeon Overview and Level Annotations

Branches:
Dungeon (4/15)             Temple (1/1) D:4

Altars:
Cheibriados
Dithmenos
Elyvilon
Fedhas
Nemelex Xobeh
Okawaru
Qazlal
Ru
Trog
Uskayaw
Vehumet
Wu Jian
Xom
Yredelemnul
Zin

Shops:
D:4 =:}

Annotations:
D:4 Natasha


Innate Abilities, Weirdness & Mutations

You are resistant to torment.
Your stone body is resilient. (AC +4)
You are immune to poison.
You resist negative energy. (rN+)
You are resistant to electric shocks. (rElec)
You can survive without breathing.
You are immune to petrification.
You are immune to miasma.


Message History

You hear some strange, mumbled words.
A puff of flame appears from out of thin air!
The puff of flame hits you!
* * * LOW HITPOINT WARNING * * *
Something hits you but does no damage.
You're too confused to cast spells.
Okay, then.
Okay, then.
You bump into the rock wall.
You hear some strange, mumbled words.
A magic dart appears from out of thin air!
The magic dart hits you!
* * * LOW HITPOINT WARNING * * *
Unknown command.
It was a potion of degeneration.
There was something very wrong with that liquid.
You feel weakened.
You feel dopey.
You feel clumsy.
You feel less confused. Something hits you.
You die...

###################
#..)...............
##@####......######
#{# #......##....
#)# #......##.###
#[# #......##.###
#.# #######...†<.
#.# #...... #.#
#...... #.# ##..###
#.# #.#.8.


There were no monsters in sight!

Vanquished Creatures
  A centaur (D:3)
  An orc priest (D:4)
  2 orc wizards
  Natasha (twice) (D:4)
  An iguana (D:4)
  2 worker ants (D:4)
  5 adders
  A white imp (D:4)
  An ooze (D:2)
  A dart slug (D:1)
  3 leopard geckos
  6 orcs
  A ball python (D:4)
  2 giant cockroaches
  8 goblins
  8 hobgoblins
  A quokka (D:3)
  7 bats
  8 frilled lizards
  A jackal skeleton (D:4)
  A kobold (D:2)
  A quokka skeleton (D:4)
  7 rats
71 creatures vanquished.

Vanquished Creatures (others)
  8 plants (D:2)
  6 toadstools (D:1)
14 creatures vanquished.

Grand Total: 85 creatures vanquished

Notes
Turn   | Place    | Note
-------+----------+-------------------------------------------
     0 | D:1      | raph the Gargoyle Earth Elementalist began the quest for
                  | the Orb.
     0 | D:1      | Reached XP level 1. HP: 10/10 MP: 3/3
   381 | D:1      | Reached XP level 2. HP: 15/15 MP: 3/5
   428 | D:1      | Learned a level 2 spell: Passwall
   597 | D:1      | Reached skill level 4 in Earth Magic
  1304 | D:2      | Reached XP level 3. HP: 14/19 MP: 4/6
  1615 | D:2      | Learned a level 3 spell: Stone Arrow
  2391 | D:2      | Reached skill level 1 in Shields
  2391 | D:2      | Reached XP level 4. HP: 24/24 MP: 7/7
  3106 | D:3      | Noticed a centaur
  3265 | D:3      | Reached skill level 5 in Earth Magic
  3270 | D:3      | Reached XP level 5. HP: 28/28 MP: 0/8
  3485 | D:3      | Killed a centaur
  3780 | D:3      | Found a snail-covered altar of Cheibriados.
  4119 | D:4      | Noticed Natasha
  4130 | D:4      | Killed Natasha
  4131 | D:4      | Reached XP level 6. HP: 15/32 MP: 0/10
  4473 | D:4      | Found a staircase to the Ecumenical Temple.
  4477 | D:4      | Reached skill level 6 in Earth Magic
  4482 | Temple   | Entered the Ecumenical Temple
  4584 | Temple   | Became a worshipper of Vehumet
  4720 | D:4      | Noticed Natasha
  4726 | D:4      | Killed Natasha
  4957 | D:4      | Found Nuesax's Book Boutique.
  4959 | D:4      | Found Tuhewn's Jewellery Boutique.
  4959 | D:4      | Found Myint's Gadget Boutique.
  4959 | D:4      | Noticed Natasha
  5197 | D:4      | HP: 1/32 [something/magic dart (7)]
  5198 | D:4      | Slain by an orc wizard

Illustrated notes

Levels and vault maps discovered:
D:1:      dpeg_arrival_pits, layout_basic, minmay_gold_behind_fungi
D:2:      layout_loops_ring, minmay_misc_feat_encased, st_stairs_12,
          minmay_lizard_king
D:3:      layout_basic, cheibriados_altar_1
D:4:      layout_basic, minmay_temple_entry_statues_pillars,
          minmay_shop_grid_forest, uniq_natasha
Temple:   jpeg_temple_clearing

Skill      XL: |  1  2  3  4  5  6 |
---------------+-------------------+-----
Earth Magic    | 4 5 6 |  6.6
Shields        | 1 2 3 4 |  4.0
Spellcasting   | 3 |  3.1
Dodging        | |  1.9
Stealth        | |  2.7
Transmutations | |  0.7

Action                   |  1- 3 |  4- 6 || total
-------------------------+-------+-------++-------
Melee: Unarmed           |     1 |       ||     1
       Dagger            |    49 |       ||    49
       Whip              |    67 |    51 ||   118
       Mace              |       |     7 ||     7
 Cast: Sandblast         |    20 |    64 ||    84
       Stone Arrow       |       |     1 ||     1
       Passwall          |       |     1 ||     1
  Use: Scroll            |     6 |     2 ||     8
       Potion            |       |     1 ||     1
 Stab: Sleeping          |     5 |     1 ||     6
       Distracted        |       |     1 ||     1
Armor: Robe              |    42 |    25 ||    67
Dodge: Dodged            |    78 |    46 ||   124
Block: Buckler           |     8 |    27 ||    35
